[Event "Early-Titled-Tuesday-Blitz-August-29-2023"]
[Site "Chess.com"]
[Date "2023.08.29"]
[Round "1"]
[White "CSB7"]
[Black "kinga2008"]
[Result "1-0"]
[WhiteElo "2715"]
[BlackElo "2399"]
[TimeControl "180+1"]
[EndTime "8:05:49 PDT"]
[Termination "CSB7 won by resignation"]

1. c4 g6 2. d4 Bg7 3. e4 Nf6 4. e5 Ng8 5. f4 d6 6. Nf3 Bg4 7. Be3 Nd7 8. h3 Bxf3 9. Qxf3 c5 10. dxc5 dxe5 11. Nc3 exf4 12. Qxf4 e5 13. Qf3 Ne7 14.
O-O-O Nc6 15. Nb5 O-O 16. Nd6 Qa5 17. Nxb7 Qc7 18. Nd6 Rab8 19. Nb5 Qb7 20. Rd6 Rfc8 21. Be2 a6 22. Rhd1 Nf6 23. Rxf6 Bxf6 24. Qxf6 Ne7 25.
Bf3 Rc6 26. Bxc6 Nxc6 27. Bh6 1-0

[Event "Early-Titled-Tuesday-Blitz-August-29-2023"]
[Site "Chess.com"]
[Date "2023.08.29"]
[Round "1"]
[White "Truequitos"]
[Black "GasconJR"]
[Result "1-0"]
[WhiteElo "2387"]
[BlackElo "2669"]
[TimeControl "180+1"]
[EndTime "8:05:49 PDT"]
[Termination "Truequitos won by checkmate"]

1. e4 e5 2. Nf3 Nc6 3. d4 exd4 4.
Bc4 Bc5 5. Ng5 Nh6 6. Nxf7 Bb4+ 7. c3 Nxf7 8. Bxf7+ Kxf7 9. cxb4 Re8 10. O-O Kg8 11. b5 Ne5 12. Qxd4 d6 13. Nc3 Qh4 14.
f4 Ng4 15. h3 Nf6 16. Bd2 Kh8 17. Rae1 b6 18. Nd5 Nxd5 19. exd5 Qg3 20. Rxe8# 1-0

[Event "Early-Titled-Tuesday-Blitz-August-29-2023"]
[Site "Chess.com"]
[Date "2023.08.29"]
[Round "1"]
[White "m_ezat"]
[Black "tylityli"]
[Result "1-0"]
[WhiteElo "2665"]
[BlackElo "2349"]
[TimeControl "180+1"]
[EndTime "8:05:49 PDT"]
[Termination "m_ezat won on time"]

1. d4 Nf6 2. Nc3 d5 3. Bg5 Nbd7 4. e3 h6 5. Bh4 e6 6. Nf3 a6 7. Ne5 Be7 8. f4 c5 9. Bd3 Qb6 10. Na4 Qa5+ 11. c3 b5 12. Nxd7 Qxa4 13. Qxa4 bxa4 14.
Nb6 Rb8 15. Nxc8 Rxc8 16. Bxa6 Rb8 17. Bd3 Rxb2 18. Rb1 Rxb1+ 19. Bxb1 O-O 20. Bc2 Rb8 21. Kd2 Rb2 22. Rb1 Rxb1 23. Bxb1 c4 24. Be1 a3 25.
Ke2 Ne4 26. Kf3 1-0

[Event "Early-Titled-Tuesday-Blitz-August-29-2023"]
[Site "Chess.com"]
[Date "2023.08.29"]
[Round "1"]
[White "FormerProdigy"]
[Black "Boundless_Strike"]
[Result "1-0"]
[WhiteElo "2879"]
[BlackElo "2458"]
[TimeControl "180+1"]
[EndTime "8:05:52 PDT"]
[Termination "FormerProdigy won on time"]

1. d4 e5 2. dxe5 d6 3. Nf3 Bg4 4. Bg5 Qd7 5. Nc3 Nc6 6. exd6 Bxd6 7. e3 f6 8. Bh4 O-O-O 9. Be2 Qe8 10. Qc1 g5 11.
Bg3 Nge7 12. Bxd6 Rxd6 13. Ne4 Re6 14. Nfxg5 Bxe2 15. Nxe6 Ba6 16. N6c5 Qg6 17. Ng3 f5 18. Nxa6 bxa6 19. Qd2 h5 20. O-O-O h4 21. Ne2 Qxg2 22. Nf4 Qe4 23. Qd3 Qa4 24. Qb3 Qa5 25. Rhg1 1-0

[Event "Early-Titled-Tuesday-Blitz-August-29-2023"]
[Site "Chess.com"]
[Date "2023.08.29"]
[Round "1"]
[White "jk13"]
[Black "MeisterJabo"]
[Result "1-0"]
[WhiteElo "2642"]
[BlackElo "2320"]
[TimeControl "180+1"]
[EndTime "8:05:56 PDT"]
[Termination "jk13 won on time"]

1. e4 e5 2. Nf3 Nc6 3. Bc4 Nf6 4. d3 Bc5 5. O-O a6 6. c3 d6 7. Bb3 Ba7 8. Nbd2 O-O 9. h3 Be6 10. Bc2 h6 11. Re1 Re8 12. Nf1 d5 13. Qe2 dxe4 14. dxe4 Qe7 15. Ng3 Rad8 16. Nh4 Qc5 17. Nhf5 Bc4 18.
Qf3 Bd3 19. Bb3 Kh8 20. Nxh6 Qxf2+ 21. Qxf2 Bxf2+ 22. Kxf2 gxh6 23. Bxh6 Rg8 24. Rad1 Rg6 25. Bc1 1-0

[Event "Early-Titled-Tuesday-Blitz-August-29-2023"]
[Site "Chess.com"]
[Date "2023.08.29"]
[Round "1"]
[White "benny_aizenberg"]
[Black "Hongjin"]
[Result "1-0"]
[WhiteElo "2635"]
[BlackElo "2308"]
[TimeControl "180+1"]
[EndTime "8:05:56 PDT"]
[Termination "benny_aizenberg won by resignation"]

1. c4 e6 2. g3 Nf6 3. Bg2 d5 4. Nf3 Be7 5. O-O O-O 6. d4 Nc6 7. Nc3 dxc4 8. e4 Rb8 9. a4 a6 10. Bf4 b6 11. Re1 Bb7 12. Qd2 Na5 13. Rad1 Bb4 14.
Qc2 h6 15. Ne5 Qe7 16. Re2 Rfd8 17. Na2 b5 18. Nxb4 Qxb4 19. Bd2 1-0

[Event "Early-Titled-Tuesday-Blitz-August-29-2023"]
[Site "Chess.com"]
[Date "2023.08.29"]
[Round "1"]
[White "Larina_Maria"]
[Black "YouJustFoundYourGodfather"]
[Result "0-1"]
[WhiteElo "2224"]
[BlackElo "2595"]
[TimeControl "180+1"]
[EndTime "8:05:57 PDT"]
[Termination "YouJustFoundYourGodfather won by checkmate"]

1. e4 e6 2. d4 d5 3. Nc3 Bb4 4. exd5 exd5 5. Bd3 Ne7 6. Qh5 Nbc6 7. a3 Ba5 8. Nf3 Be6 9. O-O Qd7 10. h3 O-O-O 11. Ne5 Nxe5 12. dxe5 Bb6 13. Qe2 Ng6 14. a4 c6 15. Bxg6 hxg6 16. Bf4 Bxh3 17. Qf3 Bg4 18. Qg3 Rh5 19. e6 Qxe6 20. Rfe1 Rdh8 21. Rxe6 Rh1# 0-1

[Event "Early-Titled-Tuesday-Blitz-August-29-2023"]
[Site "Chess.com"]
[Date "2023.08.29"]
[Round "1"]
[White "cthake"]
[Black "TrenerChos"]
[Result "0-1"]
[WhiteElo "1849"]
[BlackElo "2537"]
[TimeControl "180+1"]
[EndTime "8:05:57 PDT"]
[Termination "TrenerChos won on time"]

1. e4 e5 2. Nf3 Nc6 3. Bb5 Nf6 4. O-O Nxe4 5. d4 Nd6 6. Bxc6 dxc6 7. Nxe5 Be7 8. Re1 O-O 9. Nc3 Bf6 10. f4 Nf5 11. Ne2 Be6 12. c3 c5 13. a4 cxd4 14.
Nxd4 Nxd4 15. Qxd4 Qe7 16. Be3 Rfd8 17. Qc5 Qxc5 18. Bxc5 Rd2 19. b4 Bd5 20. g3 Rg2+ 21. Kf1 Rxh2 22. Ng4 Rh1+ 23. Kf2 Rxe1 24. Rxe1 Bxc3 25.
Re7 b6 26. Be3 Bxb4 27. Rxc7 Be6 28. Ne5 f6 29. Nd3 Bd6 30. Rc1 Rd8 31. Re1 Bb3 32. Re2 Bxa4 33. Nb2 Bb5 34. Rd2 Be7 35. Rc2 Bc5 36. Bxc5 Rc8 0-1

[Event "Early-Titled-Tuesday-Blitz-August-29-2023"]
[Site "Chess.com"]
[Date "2023.08.29"]
[Round "1"]
[White "Carlitus2004"]
[Black "amintabatabaei"]
[Result "0-1"]
[WhiteElo "2503"]
[BlackElo "2955"]
[TimeControl "180+1"]
[EndTime "8:05:58 PDT"]
[Termination "amintabatabaei won by resignation"]

1. e4 c6 2. d4 d5 3. exd5 cxd5 4. Nf3 Nf6 5. c3 Nc6 6. Ne5 a6 7. f4 Bf5 8. Nd2 e6 9. Ndf3 Ne4 10. Bd3 f6 11.
Nxc6 bxc6 12. O-O Bd6 13. Qe2 O-O 14. c4 h6 15. Bd2 a5 16. Rac1 Qb8 17. Be3 Rd8 18. Nh4 Bh7 19. g3 a4 20. Qc2 Ra7 21. Nf3 Rb7 22. Rb1 Qa7 23. Nd2 f5 24. Nf3 Rdb8 25.
Kh1 Rb4 26. Qe2 a3 27. Ne5 Rxb2 28. Rxb2 Rxb2 29. Qh5 Nf6 30. Qh4 Rxa2 31. cxd5 cxd5 32. Rc1 Qb7 33. Rb1 Rb2 34. Rc1 a2 0-1

[Event "Early-Titled-Tuesday-Blitz-August-29-2023"]
[Site "Chess.com"]
[Date "2023.08.29"]
[Round "1"]
[White "guillembaches"]
[Black "Eternauta2400"]
[Result "0-1"]
[WhiteElo "2426"]
[BlackElo "2802"]
[TimeControl "180+1"]
[EndTime "8:05:58 PDT"]
[Termination "Eternauta2400 won on time"]

1. e4 c6 2. d4 d5 3. e5 Bf5 4. h4 h6 5. Be3 e6 6. h5 Qb6 7. Qc1 c5 8. dxc5 Bxc5 9. Bxc5 Qxc5 10. c3 Nc6 11. Nf3 Nge7 12. Nbd2 O-O 13. Nb3 Qb6 14. Qf4 a5 15. g4 Be4 16. g5 hxg5 17. Qxg5 f6 18. exf6 Rxf6 19. Rg1 Rf7 20. O-O-O Bxf3 21. Rd4 Nxd4 22. Nxd4 Nf5 23. h6 Nxd4 24. hxg7 Qd6 0-1

[Event "Early-Titled-Tuesday-Blitz-August-29-2023"]
[Site "Chess.com"]
[Date "2023.08.29"]
[Round "1"]
[White "Goffredo_Fofi"]
[Black "ChEsper99"]
[Result "1-0"]
[WhiteElo "2567"]
[BlackElo "2141"]
[TimeControl "180+1"]
[EndTime "8:05:59 PDT"]
[Termination "Goffredo_Fofi won by resignation"]

1. d4 d5 2. Nf3 Nf6 3. Bf4 e6 4. e3 c5 5. c3 Bd6 6. Nbd2 Qc7 7. Ne5 Nbd7 8. Ndf3 O-O 9. h3 Ne4 10. Bd3 f6 11. Nxd7 Bxd7 12. Bxd6 Nxd6 13. O-O Bb5 14. Bxb5 Nxb5 15. Qe2 Nd6 16. Rfc1 a5 17. Nd2 c4 18.
e4 b5 19. exd5 exd5 20. Qf3 Qc6 21. Nf1 Ne4 22. Ne3 Rfe8 23. a3 Ra7 24. Re1 Rae7 25. Nf5 Rb7 26. Qg4 Kh8 27. f3 Ng5 28. Rxe8+ Qxe8 29.
h4 g6 30. Nd6 Qe3+ 31. Kh2 Rb6 32. hxg5 Rxd6 33. Qc8+ Kg7 34. Qc7+ 1-0

[Event "Early-Titled-Tuesday-Blitz-August-29-2023"]
[Site "Chess.com"]
[Date "2023.08.29"]
[Round "1"]
[White "Quattroporte300"]
[Black "xamax2000"]
[Result "0-1"]
[WhiteElo "2444"]
[BlackElo "2846"]
[TimeControl "180+1"]
[EndTime "8:06:00 PDT"]
[Termination "xamax2000 won by resignation"]

1. e4 e5 2. Nf3 Nc6 3. Bc4 Nf6 4. d3 Bc5 5. O-O d6 6. c3 a6 7. Bb3 Ba7 8. Nbd2 h6 9. a4 g5 10. Nc4 g4 11. Ne1 h5 12. Bg5 h4 13. Nc2 Rh5 14.
Bxf6 Qxf6 15. N4e3 Qg7 16. Nd5 f5 17. exf5 Bxf5 18.
Nce3 O-O-O 19. Nxf5 Rxf5 20. Ne3 Rg5 21. Nxg4 h3 22.
g3 Kb8 23. Ne3 Bxe3 24. fxe3 Rxg3+ 25. Kh1 Rxe3 26. Bd5 Ne7 27. Bf3 Rf8 28. Rg1 Qf7 29.
Bg4 Qd5+ 0-1

[Event "Early-Titled-Tuesday-Blitz-August-29-2023"]
[Site "Chess.com"]
[Date "2023.08.29"]
[Round "1"]
[White "M1711"]
[Black "Maluco_do_Natal_00"]
[Result "1-0"]
[WhiteElo "2539"]
[BlackElo "1928"]
[TimeControl "180+1"]
[EndTime "8:06:00 PDT"]
[Termination "M1711 won on time"]

1. e4 c5 2. c3 d5 3. exd5 Qxd5 4. d4 Nf6 5. Nf3 Nc6 6. Be3 cxd4 7. Nxd4 e6 8. Na3 Bxa3 9. bxa3 O-O 10. Nb5 Qe5 11.
Qd6 Rd8 12. Qxe5 Nxe5 13. Nc7 Rb8 14. Bxa7 Bd7 15. Bxb8 Rxb8 16. Nb5 Rc8 17. O-O-O Nc4 18. a4 h5 19. Rd4 Nb6 20. Kb2 Nxa4+ 21. Rxa4 Nd5 22.
Rc4 Ra8 23. Nc7 Ra5 24. Nxd5 Rxd5 25. Rd4 1-0

[Event "Early-Titled-Tuesday-Blitz-August-29-2023"]
[Site "Chess.com"]
[Date "2023.08.29"]
[Round "1"]
[White "rasmussvane"]
[Black "skoularikii"]
[Result "1-0"]
[WhiteElo "2974"]
[BlackElo "2509"]
[TimeControl "180+1"]
[EndTime "8:06:01 PDT"]
[Termination "rasmussvane won by resignation"]

1. Nf3 d5 2. g3 c6 3. Bg2 Nf6 4. O-O g6 5. c4 Bg7 6. Qb3 O-O 7. d4 a6 8. Nc3 b5 9. cxb5 axb5 10. Bf4 Nbd7 11.
Rfc1 Nb6 12. Ne5 Bd7 13. a4 bxa4 14. Nxa4 Nxa4 15. Rxa4 Rxa4 16. Qxa4 Nh5 17. Be3 Bxe5 18. dxe5 Qb8 19. Bd4 Rd8 20. Qa3 Re8 21. e6 Bxe6 22. Rxc6 Qb5 23. Rc2 Ng7 24. h3 Bf5 25. Rd2 Ne6 26.
Bc3 d4 27. Bb4 Qc4 28. g4 d3 29.
exd3 1-0

[Event "Early-Titled-Tuesday-Blitz-August-29-2023"]
[Site "Chess.com"]
[Date "2023.08.29"]
[Round "1"]
[White "kuli4ik"]
[Black "Fan_Of_Chucky"]
[Result "1-0"]
[WhiteElo "2902"]
[BlackElo "2479"]
[TimeControl "180+1"]
[EndTime "8:06:01 PDT"]
[Termination "kuli4ik won by checkmate"]

1. Nf3 Nf6 2. g3 c5 3. Bg2 g6 4. b3 Bg7 5. Bb2 d6 6. c4 e5 7. O-O O-O 8. Nc3 Nc6 9. e3 Bg4 10. h3 Bf5 11. d4 exd4 12. exd4 cxd4 13. Nb5 d3 14. Nfd4 Bd7 15. Qxd3 Ne5 16. Qd2 a6 17. Nxd6 Bxh3 18. Nxb7 Qb6 19. c5 Qc7 20. Bxh3 Qxb7 21. Bg2 Qd7 22. Rfd1 Rad8 23. Rac1 Qg4 24. Qf4 Qh5 25.
Nf3 Nfg4 26. Nxe5 Rxd1+ 27. Rxd1 Bh6 28. Qxg4 Qh1+ 29. Kxh1 Bc1 30. Rxc1 Rd8 31. c6 Rd1+ 32. Qxd1 h5 33. c7 h4 34. c8=Q+ Kh7 35. Ng4 h3 36.
Qh8# 1-0

[Event "Early-Titled-Tuesday-Blitz-August-29-2023"]
[Site "Chess.com"]
[Date "2023.08.29"]
[Round "1"]
[White "BahadirOzen"]
[Black "FREDERICKtheMATE"]
[Result "1-0"]
[WhiteElo "2823"]
[BlackElo "2439"]
[TimeControl "180+1"]
[EndTime "8:06:04 PDT"]
[Termination "BahadirOzen won by resignation"]

1. g3 c5 2. Bg2 Nc6 3. Nf3 g6 4. O-O Bg7 5. d3 d5 6. e4 Nf6 7.
Nbd2 O-O 8. Re1 Qc7 9. exd5 Nxd5 10. Nb3 b6 11. c4 Ndb4 12. a3 Na6 13. Bf4 Qd7 14.
d4 cxd4 15. Nfxd4 Bb7 16. Nxc6 Bxc6 17. Qxd7 Bxd7 18. Bxa8 Rxa8 19. Be5 Be6 20. Bxg7 Kxg7 21. Nd4 Bxc4 22. Rac1 Bd5 23. Rxe7 Nc5 24. b4 Nb3 25. Nxb3 Bxb3 26. Rc3 Bd5 27. f3 Kf6 28. Rd7 Be6 29. Rdc7 a5 30. b5 Rd8 31. R7c6 Rb8 32. Kf2 Ke7 33.
a4 Bd5 34. Rc7+ Kd6 35. Ke3 Re8+ 36. Kd2 h5 37. h3 Re5 38. Ra7 Re8 39. h4 Rh8 40.
Rd3 Rf8 41. Rb7 Kc5 42. Rc7+ Kd6 43. Rc6+ 1-0

[Event "Early-Titled-Tuesday-Blitz-August-29-2023"]
[Site "Chess.com"]
[Date "2023.08.29"]
[Round "1"]
[White "Galileo22"]
[Black "KVAIDAN"]
[Result "1-0"]
[WhiteElo "2704"]
[BlackElo "2385"]
[TimeControl "180+1"]
[EndTime "8:06:05 PDT"]
[Termination "Galileo22 won by checkmate"]

1. e4 e5 2. Nf3 d5 3. d4 dxe4 4. Nxe5 Bd6 5. Nc4 Nf6 6. Be2 Nc6 7. Nc3 Bb4 8. a3 Bxc3+ 9. bxc3 Nd5 10. Qd2 O-O 11. O-O f5 12. f4 Nce7 13. Ne5 Ng6 14. c4 e3 15. Qe1 Ndxf4 16. Nxg6 hxg6 17. Rxf4 g5 18. Rf1 Qxd4 19. Rb1 f4 20. Bb2 Qc5 21. Qc3 Qe7 22. Rbd1 Bf5 23. c5 Rad8 24. c6 b6 25. a4 a5 26. Ba3 Qe4 27. Bxf8 Rxf8 28. Bd3 e2 29. Bxe4 exf1=Q+ 30. Kxf1 Bxe4 31. Rd7 Rf6 32. Qc4+ Kh7 33. Qxe4+ Kh6 34. Rd8 g4 35. Rh8+ Kg5 36.
Qe5+ Rf5 37. Qxg7# 1-0

[Event "Early-Titled-Tuesday-Blitz-August-29-2023"]
[Site "Chess.com"]
[Date "2023.08.29"]
[Round "1"]
[White "Beca95"]
[Black "angryspacevoid"]
[Result "1-0"]
[WhiteElo "2977"]
[BlackElo "2512"]
[TimeControl "180+1"]
[EndTime "8:06:07 PDT"]
[Termination "Beca95 won by checkmate"]

1. d4 d5 2. Bg5 c5 3. e3 Nc6 4. c3 Nf6 5. Bxf6 exf6 6. Nd2 Bf5 7.
dxc5 Bxc5 8. Ngf3 O-O 9. Be2 a5 10. a4 Re8 11. O-O h5 12. Nb3 Bd6 13. Nbd4 Bg6 14.
Nb5 Bb8 15. Qb3 Be4 16. Rad1 Qe7 17. Nd2 Qe5 18. g3 h4 19. Nxe4 dxe4 20. Qd5 hxg3 21. hxg3 Qe7 22. Kg2 g6 23. Rh1 f5 24. Rh6 Kg7 25.
Rdh1 Be5 26. Bc4 Rad8 27. Rh7+ Kf6 28. Rxf7+ Kg5 29. Rxe7 Rxe7 30. Qc5 Rd2 31. Nd4 Bf6 32. Qd6 Ne5 33. Be2 Rxb2 34. Qb8 Bg7 35. Qd8 Bf6 36. Qf8 Nd7 37. Qh6# 1-0

[Event "Early-Titled-Tuesday-Blitz-August-29-2023"]
[Site "Chess.com"]
[Date "2023.08.29"]
[Round "1"]
[White "KrokerGuy"]
[Black "Arystanner"]
[Result "1-0"]
[WhiteElo "2483"]
[BlackElo "2870"]
[TimeControl "180+1"]
[EndTime "8:06:07 PDT"]
[Termination "KrokerGuy won by resignation"]

1. e4 c5 2. Nf3 d6 3. d4 cxd4 4. Nxd4 Nf6 5. Nc3 Nc6 6. Bg5 e6 7. Qd3 Bd7 8. Ndb5 Nb4 9. Qd2 a6 10. Bxf6 gxf6 11. Nd4 h5 12. a3 Nc6 13. Nxc6 Bxc6 14.
O-O-O Bh6 15. f4 e5 16. g3 Qe7 17. Bh3 Rd8 18. Kb1 Kf8 19. Nd5 Bxd5 20. Qxd5 exf4 21.
Qxh5 Bg7 22. Qg4 Qxe4 23. Rhe1 Qg6 24. Rxd6 Rb8 25. Qd7 Bh6 26. Bf5 Qh5 27. Rxf6 Bg5 28. g4 1-0

[Event "Early-Titled-Tuesday-Blitz-August-29-2023"]
[Site "Chess.com"]
[Date "2023.08.29"]
[Round "1"]
[White "FeketeBarika"]
[Black "wqws"]
[Result "0-1"]
[WhiteElo "2319"]
[BlackElo "2645"]
[TimeControl "180+1"]
[EndTime "8:06:07 PDT"]
[Termination "wqws won on time"]

1. Nf3 d5 2. c4 d4 3. g3 c5 4. Bg2 Nc6 5. e3 e5 6. exd4 e4 7. Nh4 g5 8. d5 Nd4 9. Bxe4 gxh4 10.
O-O Nf6 11. Bh1 Be7 12. d3 Bg4 13. f3 Bh3 14. Re1 hxg3 15. hxg3 Rg8 16. Kf2 Qd7 17.
Nc3 O-O-O 18. Qa4 Bd6 19. Qxd7+ Bxd7 20. Rg1 Rde8 21. Ne4 Nxe4+ 22. dxe4 f5 23. Bf4 Kc7 24. Rae1 fxe4 25. fxe4 Be5 26. b3 Kd6 27. Ref1 Bh3 28. Bg2 Bxg2 29. Rxg2 Ref8 30. Kg1 Bxf4 31. gxf4 Ne2+ 32.
Kh2 Rxg2+ 33. Kxg2 Nxf4+ 34. Kh2 Ke5 35. Rg1 Kxe4 36.
Rg7 h5 37. Rxb7 Kf3 38. Rxa7 Re8 39. Rg7 Re2+ 40. Kh1 h4 41. d6 Nh5 42. Rf7+ Kg4 43. d7 Rd2 44. Re7 Ng3+ 45. Kg1 h3 46. Rg7+ Kf4 47.
Rf7+ Ke5 48. Re7+ Kf6 0-1

[Event "Early-Titled-Tuesday-Blitz-August-29-2023"]
[Site "Chess.com"]
[Date "2023.08.29"]
[Round "1"]
[White "borocotoajua"]
[Black "MBA_CHESS_2021"]
[Result "0-1"]
[WhiteElo "2500"]
[BlackElo "2264"]
[TimeControl "180+1"]
[EndTime "8:06:08 PDT"]
[Termination "MBA_CHESS_2021 won on time"]

1. d4 d5 2. Nf3 c6 3. c4 Nf6 4. Nc3 dxc4 5. e4 b5 6. e5 Nd5 7.
a4 Nxc3 8. bxc3 e6 9. g3 Bb7 10. Bg2 Nd7 11. O-O a6 12. Ng5 Nb6 13. Qh5 g6 14.
Qf3 Qd7 15. Qf6 Rg8 16. Nxh7 Nd5 17. Qf3 Be7 18. Ba3 O-O-O 19. Rfb1 Bxa3 20. Rxa3 Rh8 21. Nf6 Qe7 22. Ra2 Nxf6 23. exf6 Qc7 24. axb5 cxb5 25.
Qe2 Bxg2 26. Kxg2 Qc6+ 27. Kg1 Rxh2 0-1

[Event "Early-Titled-Tuesday-Blitz-August-29-2023"]
[Site "Chess.com"]
[Date "2023.08.29"]
[Round "1"]
[White "isaak2009"]
[Black "miraitrunks"]
[Result "1-0"]
[WhiteElo "2541"]
[BlackElo "1971"]
[TimeControl "180+1"]
[EndTime "8:06:08 PDT"]
[Termination "isaak2009 won by resignation"]

1. Nf3 g6 2. g3 Bg7 3. Bg2 e5 4. d3 Ne7 5. O-O O-O 6. c4 d6 7. Nc3 h6 8. Rb1 a5 9. a3 Be6 10.
b4 axb4 11. axb4 Qd7 12. Ne1 c6 13. b5 Bh3 14. Nc2 Bxg2 15. Kxg2 d5 16. Ba3 Re8 17. cxd5 cxd5 18. Bb4 e4 19. dxe4 d4 20. Bxe7 Qxe7 21. Nxd4 Qc5 22. Nd5 Qxd4 23. Qxd4 Bxd4 24. Nc7 Nd7 25.
Nxa8 Rxa8 26. Rfd1 Ra4 27. e3 Be5 28. Rxd7 Rxe4 29.
Rxb7 1-0

[Event "Early-Titled-Tuesday-Blitz-August-29-2023"]
[Site "Chess.com"]
[Date "2023.08.29"]
[Round "1"]
[White "jinbojinbo"]
[Black "Kopytkin"]
[Result "1-0"]
[WhiteElo "2694"]
[BlackElo "2374"]
[TimeControl "180+1"]
[EndTime "8:06:11 PDT"]
[Termination "jinbojinbo won on time"]

1. Nf3 d6 2. g3 e5 3. Bg2 g6 4. d3 Bg7 5. c4 Ne7 6. Nc3 O-O 7.
O-O f5 8. Qc2 Nd7 9. b4 Nf6 10.
Bb2 h6 11. c5 g5 12. Nd2 Be6 13. cxd6 cxd6 14. Bxb7 Rb8 15. Bg2 Rxb4 16. Ba3 Rb8 17. Rab1 Qa5 18. Bxd6 Rxb1 19. Rxb1 Re8 20. Nb3 Qa6 21.
Bxe5 Nc6 22. Nc5 Qc8 23. Nxe6 Rxe6 24. Bxf6 Bxf6 25. Nd5 Qe8 26. Nxf6+ Rxf6 27. Bxc6 Qxc6 28. Rb8+ Kg7 29. Qxc6 Rxc6 30. Rb7+ Kg6 31. Rxa7 Rc2 32. e3 f4 33. gxf4 gxf4 34. exf4 Kf5 35. a4 h5 36. a5 h4 37. Kg2 Ra2 38. a6 Kxf4 39. Ra8 Kg4 40. h3+ Kf4 41. a7 1-0

[Event "Early-Titled-Tuesday-Blitz-August-29-2023"]
[Site "Chess.com"]
[Date "2023.08.29"]
[Round "1"]
[White "Herzog2012"]
[Black "LiamPutnam2008"]
[Result "0-1"]
[WhiteElo "2425"]
[BlackElo "2802"]
[TimeControl "180+1"]
[EndTime "8:06:12 PDT"]
[Termination "LiamPutnam2008 won by resignation"]

1. e4 Nf6 2. e5 Nd5 3. c4 Nb6 4. d4 d6 5. exd6 exd6 6. Nc3 Be7 7. Bd3 O-O 8. Nge2 Nc6 9. O-O Bf6 10. b3 h6 11. Be3 Re8 12. Re1 Bg4 13. h3 Bh5 14. g4 Bg6 15. Bxg6 fxg6 16. Qd3 g5 17.
Ng3 Qd7 18. Nh5 Qf7 19. Rac1 Re7 20. d5 Ne5 21. Qf5 Nbd7 22. Nb5 g6 23. Nxf6+ Nxf6 24. Qc2 Nf3+ 25. Kg2 Nxe1+ 26. Rxe1 a6 27. Nd4 Rae8 28. Ne6 c6 29. Qd3 cxd5 30. cxd5 Nxd5 31. Qxd5 Qxe6 32. Qd2 Qe4+ 33. Kh2 Qf3 34. Qxd6 Re6 35. Qd7 Rxe3 36. Qxe8+ Rxe8 37. Rxe8+ Kf7 38. Kg1 Kxe8 0-1

[Event "Early-Titled-Tuesday-Blitz-August-29-2023"]
[Site "Chess.com"]
[Date "2023.08.29"]
[Round "1"]
[White "MFBerna"]
[Black "rochaaaaaaaaaa"]
[Result "1/2-1/2"]
[WhiteElo "2573"]
[BlackElo "2208"]
[TimeControl "180+1"]
[EndTime "8:06:15 PDT"]
[Termination "Game drawn by repetition"]

1. e4 c6 2. Nf3 d5 3. Nc3 dxe4 4.
Nxe4 Nf6 5. Qe2 Na6 6. d4 Nxe4 7. Qxe4 Qd5 8. Qxd5 cxd5 9. c3 Bf5 10. Bb5+ Kd8 11. Ne5 Be6 12. O-O Nc7 13. Be2 f6 14. Nd3 Bf7 15. Bf3 e6 16. Re1 b6 17. a4 Bd6 18.
a5 Kd7 19. Be3 Rhb8 20. g3 Bg6 21. Nf4 Bf7 22. Kg2 bxa5 23. Nd3 Bg6 24. Be2 Bxd3 25. Bxd3 Rxb2 26. Rxa5 h6 27. Rea1 a6 28. Bxa6 Nxa6 29. Rxa6 Rxa6 30. Rxa6 Rb7 31. Kf3 Rc7 32. Bd2 e5 33. Ke2 Ke6 34. f3 h5 35. Kd3 Rb7 36. Bc1 Ke7 37. Ra5 Ke6 38. Ra6 Ke7 39. dxe5 fxe5 40. Bg5+ Ke6 41. Be3 Ke7 42. Bg5+ Ke6 43. Be3 Ke7 44. Bg5+ 1/2-1/2

[Event "Early-Titled-Tuesday-Blitz-August-29-2023"]
[Site "Chess.com"]
[Date "2023.08.29"]
[Round "1"]
[White "HamedWafa4"]
[Black "JiiHart"]
[Result "1-0"]
[WhiteElo "2557"]
[BlackElo "2103"]
[TimeControl "180+1"]
[EndTime "8:06:15 PDT"]
[Termination "HamedWafa4 won by resignation"]

1. e4 c5 2. Nf3 Nc6 3. Bb5 e6 4. Bxc6 bxc6 5. O-O Ne7 6. b3 Ng6 7. Bb2 d6 8. e5 d5 9. d3 Be7 10. c4 O-O 11. Nc3 Qc7 12. Na4 Bd7 13. Re1 Qa5 14. Qd2 Qxd2 15. Nxd2 f6 16. exf6 gxf6 17. Ba3 e5 18.
Bxc5 a5 19. Bxe7 Nxe7 20. Nc5 Bf5 21. Nf1 Rfd8 22. Ne3 Bg6 23. Ng4 Rd6 24. f4 e4 25.
dxe4 dxe4 26. Nxe4 Bxe4 27. Rxe4 Nf5 28. Rae1 Rad8 29.
Re6 Kf7 30. Rxd6 Rxd6 31. Ne3 Nxe3 32. Rxe3 Rd2 33. a3 Rb2 34. h3 Rb1+ 35. Kh2 Ra1 36. a4 Rb1 37. Kg3 Rb2 38. Kf3 Rb1 39. g4 Rb2 40.
Ke4 Rb1 41. Kd4 Rd1+ 42. Kc5 Rb1 43. Kxc6 1-0

[Event "Early-Titled-Tuesday-Blitz-August-29-2023"]
[Site "Chess.com"]
[Date "2023.08.29"]
[Round "1"]
[White "Orest_Vovk"]
[Black "Firouzja2003"]
[Result "0-1"]
[WhiteElo "2530"]
[BlackElo "3071"]
[TimeControl "180+1"]
[EndTime "8:06:16 PDT"]
[Termination "Firouzja2003 won on time"]

1. h4 d5 2. h5 e5 3. h6 Nxh6 4. d4 Nc6 5. Bxh6 gxh6 6. dxe5 Nxe5 7. Nf3 Bg7 8. Nxe5 Bxe5 9. Nc3 c6 10. Rxh6 Qb6 11.
Rb1 Be6 12. g3 O-O-O 13. Bh3 Bxh3 14. Rxh3 Qa5 15. Qd2 d4 16. Ne4 Qxa2 17. Qd1 Kb8 18. Kf1 h6 19. Rh5 Bc7 20. Ra1 Qe6 21. Nc5 Qg6 22. Rh4 Rd5 23. Nd3 Bxg3 24. Nf4 Bxf4 25. Rxf4 Rg8 26. Ke1 Qg1+ 27. Kd2 Qg5 28. e3 dxe3+ 29.
Kxe3 Rxd1 0-1

[Event "Early-Titled-Tuesday-Blitz-August-29-2023"]
[Site "Chess.com"]
[Date "2023.08.29"]
[Round "1"]
[White "Ural_bogatyr"]
[Black "The_Princess_Moon"]
[Result "1-0"]
[WhiteElo "2575"]
[BlackElo "2179"]
[TimeControl "180+1"]
[EndTime "8:06:16 PDT"]
[Termination "Ural_bogatyr won by checkmate"]

1. d4 c5 2. dxc5 e6 3. Nc3 Bxc5 4. Ne4 Be7 5. Nd6+ Bxd6 6. Qxd6 Qe7 7. Bf4 Nc6 8. O-O-O Nf6 9. f3 O-O 10. e4 Re8 11. h4 Nh5 12. Qxe7 Nxe7 13. Bd6 Nc6 14. g4 Nf6 15. h5 h6 16. Ne2 b6 17. Nc3 e5 18. Nb5 a6 19. Nc7 Ra7 20. Nxe8 Nxe8 21. Bc4 b5 22. Bb3 a5 23. a4 bxa4 24. Bxa4 Nxd6 25.
Bxc6 Nc4 26. Bb5 Ne3 27. Rd3 Ng2 28. Rhd1 Nh4 29. Rc3 Ra8 30. Bxd7 Bxd7 31. Rxd7 a4 32. Rcd3 Rc8 33. Rd8+ Rxd8 34. Rxd8+ Kh7 35. Rd3 g6 36. c4 gxh5 37. gxh5 Ng2 38. c5 Nf4 39. Rd7 Kg7 40. c6 Nxh5 41. c7 Nf6 42. Rd8 h5 43.
c8=Q h4 44. Rh8 a3 45. Qf8+ Kg6 46. Qh6# 1-0

[Event "Early-Titled-Tuesday-Blitz-August-29-2023"]
[Site "Chess.com"]
[Date "2023.08.29"]
[Round "1"]
[White "twofoxniel"]
[Black "AlexandraSamaganova"]
[Result "1-0"]
[WhiteElo "2654"]
[BlackElo "2338"]
[TimeControl "180+1"]
[EndTime "8:06:17 PDT"]
[Termination "twofoxniel won on time"]

1. e4 c5 2. c3 Nf6 3. e5 Nd5 4.
d4 cxd4 5. Nf3 Nc6 6. cxd4 d6 7. Bc4 e6 8. O-O Be7 9. Qe2 O-O 10. Nc3 Nxc3 11.
bxc3 dxe5 12. dxe5 b6 13. Rd1 Qc7 14. Bd3 Bb7 15. Qe4 g6 16. Bh6 Rfd8 17. Qf4 Rd5 18. Be4 Rxd1+ 19. Rxd1 Rd8 20. Re1 Na5 21. Bxb7 Nxb7 22.
Ng5 Bf8 23. Bxf8 Rxf8 24. Ne4 f5 25. Ng5 Qd7 26. h4 h6 27. Nf3 Kg7 28. Nd4 Nc5 29.
Re3 Qd5 30. c4 Qe4 31. Rxe4 Nxe4 32. Nxe6+ 1-0